 Dungeon Sprint DCSS version 0.26-a0-958-gf3041fb45f (webtiles) character file.

Game seed: 12473328784655124816

196 sahdkjhfkaj the Cleaver (level 5, -13/53 HPs)
             Began as a Hill Orc Monk on Nov 30, 2020.
             Was a Follower of Uskayaw.
             Killed by divine providence
             ... invoked by an orc priest
              (17 damage)
             ... in the Dungeon (Sprint VII: "The Pits").
             The game lasted 00:01:42 (855 turns).

sahdkjhfkaj the Cleaver (Hill Orc Monk)              Turns: 855, Time: 00:01:43

Health: -13/53     AC:  9    Str: 15    XL:     5   Next: 74%
Magic:  3/10       EV: 10    Int: 10    God:    Uskayaw [*.....]
Gold:   0          SH:  0    Dex: 13    Spells: 4/4 levels left

rFire    . . .     SeeInvis .   a - +1 hand axe (freeze)
rCold    . . .     Faith    .   (no shield)
rNeg     . . .     Spirit   .   l - +3 scale mail
rPois    .         Reflect  .   (no helmet)
rElec    .         Harm     .   (no cloak)
rCorr    .         Rampage  .   (no gloves)
MR       .....     NoTele   +   (no boots)
Stlth    ..........             (no amulet)
HPRegen  0.17/turn              (no ring)
MPRegen  0.12/turn              (no ring)

@: no status effects
A: no striking features
a: Stomp, Renounce Religion, Convert to Beogh


You were in the Dungeon.
You worshipped Uskayaw.
Uskayaw was noncommittal.
You visited 1 branch

Inventory:

Hand Weapons
 a - a +1 hand axe of freezing (weapon)
Armour
 l - a +3 scale mail (worn)
Scrolls
 h - a scroll of blinking {!r}
 i - 3 scrolls of remove curse {!r}
 j - 5 scrolls of amnesia {!r}
Potions
 b - 5 potions of curing {!q}
 c - 2 potions of invisibility {!q}
 d - 5 potions of heal wounds {!q}
 e - a potion of haste {!q}
 f - 4 potions of magic {!q}
 g - 3 potions of berserk rage {!q}


   Skills:
 + Level 7.7 Fighting
 * Level 11.1 Axes
 - Level 2.4 Dodging
 - Level 1.5 Stealth
 + Level 7.2 Invocations


You had 4 spell levels left.
You didn't know any spells.
Your spell library was empty.

Dungeon Overview and Level Annotations

Branches:
Dungeon (1/1)

Altars:
Ashenzari
Cheibriados
Dithmenos
Elyvilon
Fedhas
Gozag
Hepliaklqana
Kikubaaqudgha
Makhleb
Nemelex Xobeh
Okawaru
Qazlal
Ru
Sif Muna
Trog
Uskayaw
Vehumet
Wu Jian
Xom
Yredelemnul
Zin
The Shining One
Beogh
Jiyva
Lugonu


Message History

Your small abomination hits the warg!!
The warg dies!
The orc priest shouts, "Surrender to Beogh and we'll let you live!"
Your Fighting skill gained 2 levels and is now at level 7!
Your Axes skill gained 2 levels and is now at level 10!
Your Invocations skill gained 2 levels and is now at level 6!
You have reached level 5!
You feel stronger.
Your small abomination hits the warg!
The orc priest casts a cantrip, but nothing happens.
Unknown command.
The warg bites your small abomination!
Your small abomination hits the warg!!
The warg dies!
You can no longer pass through a line of other dancers.
Your Axes skill increases to level 11!
Your Invocations skill increases to level 7!
Unknown command.
The orc priest invokes the aid of Beogh against you.
Beogh smites you!
You die...

##########.##.....
#...........'.....
#'#####)#####.....
#.#..#..#..##.....
#.#..'..#))#####'#
#.#..####))##.....
#.#..#..#))##.....
#.#..#..#[[##.....
#@##'#..#'###...<.
#x#........##.....
#M#........##.....
#'###########.....
#oo.....# ######
#o.o....#
#...#...# #..##
..# #... .#


You could see a mummy, an orc priest, 2 orcs and a friendly small abomination
(summoned).

Vanquished Creatures
  A worker ant (D)
  An adder (D)
  A river rat (D)
  A leopard gecko (D)
  2 orcs (D)
  A ball python (D)
  2 jackals (D)
  2 quokkas (D)
  A giant cockroach zombie (D)
  A leopard gecko zombie (D)
13 creatures vanquished.

Vanquished Creatures (collateral kills)
  2 wargs (D)
  An orc (D)
3 creatures vanquished.

Grand Total: 16 creatures vanquished

Notes
Turn   | Place    | Note
-------+----------+-------------------------------------------
     0 | D        | sahdkjhfkaj the Hill Orc Monk began the quest for the Orb.
     0 | D        | Reached XP level 1. HP: 19/19 MP: 1/1
    26 | D        | Reached skill level 5 in Axes
    26 | D        | Reached XP level 2. HP: 3/28 MP: 1/3
   231 | D        | Found a bloodstained altar of Trog.
   231 | D        | Found a shimmering blue altar of Sif Muna.
   231 | D        | Found a viscous altar of Jiyva.
   231 | D        | Found a hazy altar of Hepliaklqana.
   231 | D        | Found an opulent altar of Gozag.
   232 | D        | Found a glowing golden altar of the Shining One.
   232 | D        | Found a glowing silver altar of Zin.
   232 | D        | Found a basalt altar of Yredelemnul.
   232 | D        | Found a shimmering altar of Xom.
   232 | D        | Found an ornate altar of the Wu Jian Council.
   232 | D        | Found a sacrificial altar of Ru.
   232 | D        | Found a stormy altar of Qazlal.
   232 | D        | Found an iron altar of Okawaru.
   232 | D        | Found a sparkling altar of Nemelex Xobeh.
   232 | D        | Found a burning altar of Makhleb.
   232 | D        | Found a blossoming altar of Fedhas.
   232 | D        | Found a white marble altar of Elyvilon.
   232 | D        | Found a shadowy altar of Dithmenos.
   232 | D        | Found a snail-covered altar of Cheibriados.
   233 | D        | Found a radiant altar of Vehumet.
   233 | D        | Found a corrupted altar of Lugonu.
   233 | D        | Found a roughly hewn altar of Beogh.
   234 | D        | Found a hide-covered altar of Uskayaw.
   234 | D        | Found an ancient bone altar of Kikubaaqudgha.
   234 | D        | Found a broken altar of Ashenzari.
   322 | D        | Became a worshipper of Uskayaw the Reveller
   322 | D        | Reached * piety under Uskayaw
   339 | D        | Reached ** piety under Uskayaw
   342 | D        | Reached *** piety under Uskayaw
   356 | D        | HP: 1/28 [quokka (4)]
   358 | D        | Reached skill level 6 in Axes
   664 | D        | Reached skill level 5 in Fighting
   664 | D        | Reached XP level 3. HP: 19/36 MP: 1/5
   832 | D        | Noticed a warg
   833 | D        | Noticed a warg
   838 | D        | Reached skill level 7 in Axes
   852 | D        | Reached skill level 8 in Axes
   852 | D        | Reached XP level 4. HP: 3/44 MP: 3/7
   852 | D        | Killed a warg
   853 | D        | Reached skill level 10 in Axes
   853 | D        | Reached XP level 5. HP: 3/52 MP: 3/9
   854 | D        | Killed a warg
   855 | D        | Reached skill level 11 in Axes
   855 | D        | Killed from afar by an orc priest

Illustrated notes

Levels and vault maps discovered:
D:        pitsprint [storerooms_1, entrance_room_1, metal_vault_4, armoury_1,
          mini_pit_1, grid_room_1, main_hall_1, silver_pit, the_coven_3,
          the_vestibule_1, steel_vault_3, golden_pit, hallway_of_sentries,
          crystal_vault_1, iron_vault_1, final_vault]

Skill      XL: |  1  2  3  4  5 |
---------------+----------------+-----
Fighting       | 4 5 7 |  7.7
Axes           | 5 6 8 10 11 | 11.1
Invocations    | 2 3 4 6 7 |  7.2
Dodging        | |  2.4
Stealth        | |  1.5

Action                   |  1- 3 |  4- 6 || total
-------------------------+-------+-------++-------
Melee: Hand axe          |    46 |       ||    46
Invok: Stomp             |     3 |       ||     3
  Use: Potion            |     2 |       ||     2
       Scroll            |     1 |       ||     1
 Stab: Paralysed         |     2 |       ||     2
       Sleeping          |     1 |       ||     1
Armor: Robe              |     5 |       ||     5
       Scale mail        |     3 |       ||     3
Dodge: Dodged            |    33 |       ||    33

Table legend: (Time is in decaauts)
 A = Elapsed time spent in this place.
 B = Non-inter-level travel time spent in this place.
 C = Inter-level travel time spent in this place.
 D = Time resting spent in this place.
 E = Time spent auto-exploring this place.
 F = Levels seen in this place.
 G = Mean time per level.
                   A        B        C        D        E       F      G
               +--------+--------+--------+--------+--------+-----+--------+
         Total |    853 |    796 |     57 |    601 |      0 |   1 |  853.0 |
       Dungeon |    853 |    796 |     57 |    601 |      0 |   1 |  853.0 |
               +--------+--------+--------+--------+--------+-----+--------+

Top non-repeatable levels by time:
       D: 853 daAuts
